 Dungeon Crawl Stone Soup version 0.27.1 (webtiles) character file.

Game seed: 17006616805876950214

10828 Destapler the Fighter (level 11, 0/144 HPs)
             Began as a Palentonga Monk on Aug 28, 2021.
             Was the Champion of Cheibriados.
             Killed from afar by a white imp (10 damage)
             ... with a puff of frost
             ... on level 1 of the Abyss.
             The game lasted 00:47:00 (10820 turns).

Destapler the Fighter (Palentonga Monk)            Turns: 10820, Time: 00:47:02

Health: 0/144      AC: 25    Str: 32    XL:     11   Next: 41%
Magic:  14/14      EV:  1    Int: 25    God:    Cheibriados [******]
Gold:   767        SH: 16    Dex: 27    Spells: 10/10 levels left

rFire    . . .     SeeInvis +   a - +3 hand axe (spect)
rCold    . . .     Faith    .   i - +2 kite shield
rNeg     + + +     Spirit   .   (armour currently unavailable)
rPois    +         Reflect  .   (helmet currently unavailable)
rElec    .         Harm     .   (cloak currently unavailable)
rCorr    .         Rampage  .   (gloves currently unavailable)
Will     .....     NoTele   +   (no barding)
Stlth    +++.......             g - amulet of magic regeneration
HPRegen  0.34/turn              z - ring of positive energy
MPRegen  0.39/turn              (no ring)

@: tree-form (expiring), very slow
A: stationary, stasis, torment immunity, boosted hp, large, rugged brown scales
3, see invisible, (deformed body), (roll 1), (armoured tail), (reflexive curl),
clumsy 1, (cold resistance 1)
a: Renounce Religion, Bend Time, Temporal Distortion, Slouch, Step From Time


You were on level 1 of the Abyss.
You worshipped Cheibriados.
Cheibriados was exalted by your worship.
You were a tree.
You visited 1 branch of the dungeon, and saw 10 of its levels.
You visited the Abyss 1 time.
You also visited: Ossuary.

You collected 767 gold pieces.

Inventory:

Hand Weapons
 a - a +3 spectral hand axe (weapon)
 b - a +3 hand axe of freezing
Missiles
 m - 4 javelins
 r - a throwing net
 y - 52 poisoned darts
 D - 9 boomerangs
 I - a curare-tipped dart
 N - 4 silver javelins
Armour
 d - a +0 pair of gloves (melded)
 f - a +1 hat (melded)
 i - a +2 kite shield (worn)
 k - a +0 ring mail
 F - the +6 chain mail of Tufelupir (melded) {-Tele Int+4 Dex+3}
   (You found it on level 8 of the Dungeon)

   Int:       It affects your intelligence (+4).
   Dex:       It affects your dexterity (+3).
   -Tele:     It prevents most forms of teleportation.
Jewellery
 g - an amulet of magic regeneration (around neck)
 z - a ring of positive energy (left branch)
 B - a ring of ice
 M - a ring of wizardry
Wands
 n - a wand of iceblast (16)
 q - a wand of acid (17)
 A - a wand of digging (12)
 G - a wand of flame (16)
 O - a wand of mindburst (13)
Scrolls
 c - 5 scrolls of identify
 e - 2 scrolls of fog
 h - 3 scrolls of vulnerability
 p - 2 scrolls of amnesia
 s - 2 scrolls of fear
 u - a scroll of immolation
 v - 2 scrolls of brand weapon
 w - a scroll of magic mapping
 x - 5 scrolls of teleportation
 J - a scroll of torment
Potions
 j - 3 potions of flight
 l - 2 potions of attraction
 o - 3 potions of brilliance
 L - a potion of lignification
Miscellaneous
 t - a tin of tremorstones (1/2)
 Q - a box of beasts


   Skills:
 + Level 10.1 Fighting
 + Level 8.7(9.1) Axes
 - Level 3.7(6.7) Maces & Flails
 - Level 4.0 Armour
 - Level 3.0 Dodging
 - Level 2.1 Stealth
 + Level 8.3 Shields
 - Level 5.0 Invocations


You had 10 spell levels left.
You didn't know any spells.
Your spell library contained the following spells:

 Spells                   Type           Power      Damage    Failure   Level
 Pain                     Necr           0%         1d4       16%         1
 Sandblast                Erth           0%         2d4       16%         1
 Summon Small Mammal      Summ           0%         N/A       16%         1
 Passwall                 Tmut/Erth      0%         N/A       22%         2
 Sublimation of Blood     Necr           0%         N/A       22%         2
 Wereblood                Tmut           0%         N/A       22%         2
 Call Canine Familiar     Summ           0%         N/A       41%         3
 Gell's Gravitas          Tloc           0%         N/A       41%         3
 Lesser Beckoning         Tloc           0%         N/A       41%         3
 Portal Projectile        Hex/Tloc       0%         N/A       41%         3
 Stone Arrow              Conj/Erth      0%         3d7       41%         3
 Summon Guardian Golem    Hex/Summ       0%         N/A       41%         3
 Teleport Other           Tloc           0%         N/A       41%         3
 Animate Armour           Summ/Erth      0%         N/A       83%         4
 Leda's Liquefaction      Hex/Erth       0%         N/A       83%         4
 Agony                    Necr           0%         N/A       99%         5
 Excruciating Wounds      Necr           0%         N/A       99%         5
 Lee's Rapid Deconstruct  Erth           0%         3d5*      99%         5
 Summon Hydra             Summ           0%         N/A       100%        7
 Lehudib's Crystal Spear  Conj/Erth      0%         10d2      100%        8


Dungeon Overview and Level Annotations

Branches:
Dungeon (10/15)            Temple (0/1) D:6            Lair (0/6) D:9
Ossuary (visited)
    Orc: D:9-12

Altars:
Cheibriados

Annotations:
D:10 Erolcha


Innate Abilities, Weirdness & Mutations

You are a tree.
Your roots penetrate the ground, keeping you stationary.
You cannot be teleported.
You are immune to unholy pain and torment.
Your maximum health is greatly increased.
Your equipment is partially melded.
(You are completely covered in rugged brown scales. (AC +3, +7% HP))
You have supernaturally acute eyesight. (SInv)
((Armour fits poorly on your strangely shaped body.))
((You can roll at nearby foes to attack.))
((You have a long armoured tail.))
((You curl defensively after being hit.))
You are clumsy. (Dex -2)
((Your flesh is cold resistant. (rC+)))


Message History

A starcursed mass splits.
You hit the starcursed mass but do no damage.
The starcursed mass is lightly damaged.
You hit the starcursed mass but do no damage.
The starcursed mass is lightly damaged.
You hit the starcursed mass.
The starcursed mass shudders and is absorbed by its neighbour.
The starcursed mass touches you but does no damage.
You hit the starcursed mass.
The starcursed mass is lightly damaged.
The starcursed mass shudders and is absorbed by its neighbour.
You hit the starcursed mass.
The starcursed mass is moderately damaged.
The starcursed mass shudders and is absorbed by its neighbour.
You hit the starcursed mass.
The starcursed mass is moderately damaged.
The starcursed mass touches you.
* * * LOW HITPOINT WARNING * * *
You slash the starcursed mass!
The starcursed mass is moderately damaged.
You slash the starcursed mass!
The starcursed mass is moderately damaged.
A starcursed mass splits.
You slash the starcursed mass!
The starcursed mass is heavily damaged.
The starcursed mass shudders and is absorbed by its neighbour.
You cannot move.
A starcursed mass splits.
You hit the starcursed mass.
The starcursed mass is heavily damaged.
The starcursed mass shudders and is absorbed by its neighbour.
A starcursed mass splits.
You hit the white imp.
The white imp is moderately wounded.
Your transformation is almost over.
A starcursed mass splits.
The white imp picks up a beetle and eats it.
The white imp gestures at you. The puff of frost hits you!
You die...

# ### ##.
#
##♣#..!#.
. #.
#.#5X#. .
.# ## ##
#. #.X#
#... # ..
4##....#..
....#. #
#.. ..# .#
..
..X....##
.## # .
... .
##.###.##
# ..###
'#... .. #
# #. .. .


You could see 2 starcursed masses and a white imp.

Vanquished Creatures
  2 centaur warriors
  A two-headed ogre (D:9)
  Urug (D:10)
  An ugly thing (D:10)
  A manticore (D:9)
  Joseph (D:7)
  A smoke demon (Abyss:1)
  An ice devil (Abyss:1)
  A hellwing (Abyss:1)
  3 hornets (D:8)
  A slime creature (D:9)
  A shadow (D:9)
  A wraith (D:9)
  A ynoxinul (Abyss:1)
  A wyvern (D:8)
  Sigmund (D:4)
  A basilisk (D:9)
  4 yaks
  The ghost of denis1488 the Covered, an amateur DjFi of Cheibriados (D:3)
  Menkaure (D:6)
  A water moccasin (D:6)
  An ice beast (D:6)
  A sky beast (D:6)
  3 orc warriors
  A necrophage (D:8)
  2 ogres
  A centaur (D:8)
  2 small abominations (Abyss:1)
  2 bullfrogs (D:8)
  4 kobold brigands
  An elf zombie (Ossuary)
  A gnoll sergeant (D:8)
  2 scorpions
  2 wyvern zombies
  9 killer bees (D:8)
  A water moccasin skeleton (D:5)
  3 electric eels (D:8)
  2 howler monkeys (D:7)
  7 wights
  3 centaur zombies
  A starcursed mass (Abyss:1)
  A quasit (Abyss:1)
  2 gnoll shamans
  2 human zombies (Ossuary)
  2 orc priests
  4 hounds
  2 centaur skeletons
  4 iguanas
  11 orc wizards
  A hound zombie (Ossuary)
  4 mummies (Ossuary)
  2 howler monkey zombies (D:8)
  5 gnolls (D:6)
  A howler monkey skeleton (D:7)
  6 adders
  A shadow imp (D:6)
  A white imp (D:8)
  2 ufetubi
  An adder skeleton (D:5)
  2 dart slugs
  26 orcs
  5 bats
  8 endoplasms
  4 giant cockroaches
  4 goblins
  5 hobgoblins
  7 jackals
  6 quokkas
  8 ball pythons
  A gnoll zombie (Ossuary)
  5 jackal zombies (Ossuary)
  17 kobolds
  2 kobold zombies (Ossuary)
  7 rats
235 creatures vanquished.

Vanquished Creatures (others)
  4 plants (D:8)
4 creatures vanquished.

Grand Total: 239 creatures vanquished

Notes
Turn   | Place    | Note
-------+----------+-------------------------------------------
     0 | D:1      | Destapler the Palentonga Monk began the quest for the Orb.
     0 | D:1      | Reached XP level 1. HP: 19/19 MP: 1/1
   298 | D:1      | Reached XP level 2. HP: 21/25 MP: 2/2
  1102 | D:1      | Gained mutation: You are robust. (+10% HP) [potion of
                  | mutation]
  1102 | D:1      | Gained mutation: You do not regenerate when monsters are
                  | visible. [potion of mutation]
  1102 | D:1      | Gained mutation: You are dopey. (Int -2) [potion of
                  | mutation]
  1111 | D:1      | Reached XP level 3. HP: 10/33 MP: 3/3
  1123 | D:1      | Lost mutation: You are dopey. (Int -2) [potion of mutation]
  1123 | D:1      | Gained mutation: You are agile. (Dex +2) [potion of
                  | mutation]
  1123 | D:1      | Gained mutation: You evolve. [potion of mutation]
  1715 | D:2      | Reached XP level 4. HP: 34/40 MP: 4/4
  1795 | D:2      | Found a faded altar of an unknown god.
  2114 | D:2      | Found a snail-covered altar of Cheibriados.
  2122 | D:2      | Became a worshipper of Cheibriados the Contemplative
  2122 | D:2      | Reached * piety under Cheibriados
  2122 | D:2      | Reached ** piety under Cheibriados
  2638 | D:3      | Found a transporter.
  2641 | D:3      | Noticed denis1488's ghost (amateur DjFi)
  2662 | D:3      | Found a transporter.
  3051 | D:4      | Reached XP level 5. HP: 45/49 MP: 5/5
  3055 | D:4      | Reached skill level 4 in Fighting
  3055 | D:4      | Reached skill level 1 in Shields
  3055 | D:4      | Reached skill level 1 in Invocations
  3057 | D:4      | Reached skill level 1 in Armour
  3060 | D:4      | Reached XP level 6. HP: 49/56 MP: 5/7
  3281 | D:4      | Noticed Sigmund
  3288 | D:4      | Killed Sigmund
  3442 | D:4      | Lost mutation: You evolve. [evolution]
  3476 | D:4      | Reached *** piety under Cheibriados
  3561 | D:4      | Gained mutation: You curl defensively after being hit.
                  | [Palentonga growth]
  3561 | D:4      | Reached XP level 7. HP: 64/64 MP: 8/8
  3844 | D:5      | Entered Level 5 of the Dungeon
  3858 | D:5      | Found a sand-covered staircase.
  3879 | Ossuary  | Entered an ossuary
  3908 | Ossuary  | Reached skill level 5 in Fighting
  4114 | D:5      | Lost mutation: You are agile. (Dex +2) [potion of mutation]
  4114 | D:5      | Lost mutation: You are robust. (+10% HP) [potion of
                  | mutation]
  4114 | D:5      | Gained mutation: Your body sometimes deteriorates upon
                  | taking damage. [potion of mutation]
  4115 | D:5      | Lost mutation: Your body sometimes deteriorates upon taking
                  | damage. [potion of mutation]
  4115 | D:5      | Lost mutation: You do not regenerate when monsters are
                  | visible. [potion of mutation]
  4115 | D:5      | Gained mutation: You are clumsy. (Dex -2) [potion of
                  | mutation]
  4115 | D:5      | Gained mutation: Your flesh is cold resistant. (rC+)
                  | [potion of mutation]
  4241 | D:5      | Reached skill level 1 in Axes
  4378 | D:5      | Reached XP level 8. HP: 34/66 MP: 10/10
  4378 | D:5      | Reached **** piety under Cheibriados
  4823 | D:3      | Killed denis1488's ghost
  4949 | D:6      | Noticed Menkaure
  4952 | D:6      | Killed Menkaure
  5088 | D:6      | Found a staircase to the Ecumenical Temple.
  5530 | D:6      | Reached skill level 6 in Fighting
  5792 | D:6      | Reached skill level 5 in Invocations
  5931 | D:6      | Reached XP level 9. HP: 68/73 MP: 12/12
  6446 | D:7      | Noticed Joseph
  6458 | D:7      | Killed Joseph
  6459 | D:7      | Reached skill level 5 in Shields
  6459 | D:7      | Reached ***** piety under Cheibriados
  6929 | D:8      | Identified the +6 chain mail of Tufelupir {-Tele Int+4
                  | Dex+3}
  7224 | D:8      | Reached skill level 7 in Fighting
  7234 | D:8      | Reached skill level 5 in Axes
  7563 | D:8      | Paralysed by a hornet for 3 turns
  7567 | D:8      | Paralysed by a hornet for 2 turns
  7986 | D:8      | Reached XP level 10. HP: 84/85 MP: 13/13
  8024 | D:8      | Reached skill level 8 in Fighting
  8379 | D:8      | Noticed a centaur warrior
  8384 | D:8      | Killed a centaur warrior
  9219 | D:9      | Found a staircase to the Lair.
  9275 | D:9      | Noticed a two-headed ogre
  9286 | D:9      | Killed a two-headed ogre
  9297 | D:9      | Reached skill level 9 in Fighting
  9803 | D:10     | Entered Level 10 of the Dungeon
  9963 | D:10     | Noticed a red ugly thing
  9974 | D:10     | Reached ****** piety under Cheibriados
  9987 | D:10     | Killed a red ugly thing
 10224 | D:10     | Noticed Urug
 10227 | D:10     | Killed Urug
 10228 | D:10     | Reached XP level 11. HP: 86/95 MP: 14/14
 10316 | D:9      | Noticed a centaur warrior
 10321 | D:9      | Killed a centaur warrior
 10695 | D:10     | Noticed Erolcha
 10696 | D:10     | Cast into level 1 of the Abyss (Erolcha)
 10762 | Abyss:1  | Noticed a starcursed mass
 10768 | Abyss:1  | Paralysed by accursed screaming for 1 turns
 10772 | Abyss:1  | Paralysed by accursed screaming for 2 turns
 10774 | Abyss:1  | Paralysed by accursed screaming for 2 turns
 10783 | Abyss:1  | Reached skill level 10 in Fighting
 10784 | Abyss:1  | Paralysed by accursed screaming for 1 turns
 10794 | Abyss:1  | Identified a scroll of acquirement
 10794 | Abyss:1  | Acquired the ring "Tuiby" {Fly MP+9 Slay+4}
 10799 | Abyss:1  | HP: 6/144 [hellwing (5)]
 10801 | Abyss:1  | HP: 1/144 [starcursed mass/accursed screaming (6)]
 10820 | Abyss:1  | Killed from afar by a white imp

Illustrated notes

Levels and vault maps discovered:
D:1:      wander_arrival_chamber, layout_loops_ring
D:2:      minmay_skewed_foursquare, layout_basic, basic_altar,
          shapermc_ecumenical_altar_acropolis
D:3:      layout_rooms, gammafunk_ghost_arena, kennysheep_pointless_box,
          fountainhead
D:4:      layout_basic, uniq_sigmund
D:5:      layout_cave_pools, nicolae_ossuary_entry_monument
D:6:      layout_cave_pods, minmay_temple_entry_glassed_door, item_on_display_a,
          uniq_menkaure
D:7:      layout_loops_ring, uniq_joseph
D:8:      cheibrodos_barr_body, layout_loops_ring, chequers_big_river
D:9:      cheibrodos_elevator_heist, layout_rooms, lair_entry_dummy
D:10:     layout_roguey, old_standard_altar, serial_glass, glass_columns_c,
          glass_columns_b, uniq_erolcha, uniq_urug
Abyss:1:  base: D:4, grunt_abyss_exit_deep_breaths

Skill      XL: |  1  2  3  4  5  6  7  8  9 10 11 |
---------------+----------------------------------+-----
Stealth        | 2 |  2.1
Dodging        | 3 |  3.0
Fighting       | 4 5 6 7 9 10 | 10.1
Shields        | 1 2 3 4 6 7 8 |  8.3
Invocations    | 1 2 3 5 |  5.0
Armour         | 1 2 3 4 |  4.0
Axes           | 1 3 5 7 8 |  8.7
Maces & Flails | |  3.7

Action                   |  1- 3 |  4- 6 |  7- 9 | 10-12 || total
-------------------------+-------+-------+-------+-------++-------
Melee: Mace              |    86 |    62 |       |       ||   148
       Tailslap          |     8 |     9 |    48 |    55 ||   120
       War axe           |       |    44 |       |       ||    44
       Hand axe          |       |     2 |   192 |   168 ||   362
Invok: Bend Time         |       |       |       |     2 ||     2
 Abil: Rolling Charge    |    19 |    34 |    53 |    27 ||   133
Evoke: Tin of tremorston |       |       |     1 |       ||     1
  Use: Potion            |     5 |     1 |     6 |     6 ||    18
       Scroll            |       |       |    15 |     3 ||    18
 Stab: Distracted        |       |       |     2 |     7 ||     9
Armor: Robe              |     7 |       |       |       ||     7
       Ring mail         |    42 |    38 |    62 |    13 ||   155
       Chain mail        |       |       |       |    49 ||    49
       Skin              |       |       |       |    10 ||    10
Dodge: Dodged            |    53 |    22 |    77 |    42 ||   194
Block: Kite shield       |     5 |    52 |   162 |   118 ||   337
